 Dungeon Crawl Stone Soup version 0.28-a0-1033-g1a2f33fa85 (webtiles) character file.

Game seed: 12744469616660212966

8393 Goblin1989 the Fighter (level 11, -6/133 HPs)
             Began as a Demonspawn Delver on Dec 7, 2021.
             Was a Priest of Trog.
             Shot with a bolt by an orc warrior (14 damage)
             ... in a bailey.
             The game lasted 00:26:25 (12140 turns).

Goblin1989 the Fighter (Demonspawn Delver)         Turns: 12140, Time: 00:26:25

Health: -6/133     AC: 10    Str: 17      XL:     11   Next: 9%
Magic:  11/11      EV: 13    Int: 11 (12) God:    Trog [***...]
Gold:   175        SH:  0    Dex: 14      Spells: 10/10 levels left

rFire   . . .      SeeInvis .   Z - +4 flail (vorpal)
rCold   . . .      Faith    .   (no shield)
rNeg    . . .      Spirit   .   D - +0 scale mail
rPois   .          Reflect  .   (helmet restricted)
rElec   .          Harm     .   z - +0 cloak
rCorr   .          Rampage  .   J - +0 pair of gloves
Will    ++...                   (no boots)
Stlth   ..........              (no amulet)
HPRegen 1.32/turn               (no ring)
MPRegen 0.12/turn               (no ring)

@: berserking, strong-willed, regenerating, very quick
A: hooves 2, horns 2, ignite blood 1, spiny 2, claws 2
a: Renounce Religion, Berserk, Trog's Hand


You were in a bailey.
You worshipped Trog.
Trog was most pleased with you.
You visited 2 branches of the dungeon, and saw 10 of its levels.
You also visited: Bailey.

You collected 385 gold pieces.
You spent 210 gold pieces at shops.

Inventory:

Hand Weapons
 a - a +1 flail of protection
 M - a +0 arbalest
 Z - a +4 vorpal flail (weapon)
Missiles
 I - 44 bolts
Armour
 z - a +0 cloak (worn)
 D - a +0 scale mail (worn)
 J - a +0 pair of gloves (worn)
 O - a +0 buckler
 P - a +0 leather armour of cold resistance
 X - a +0 plate armour
Jewellery
 e - an amulet of magic regeneration
 g - a ring of resist corrosion
 n - an amulet of the acrobat
 G - an amulet of reflection
 K - a +4 ring of evasion
 W - an amulet of guardian spirit
Wands
 h - a wand of iceblast (17) {@v4}
 l - a wand of mindburst (20)
 r - a wand of digging (10) {@v1}
 L - a wand of paralysis (12) {@v7}
 V - a wand of charming (6)
Scrolls
 c - 4 scrolls of fog
 j - 2 scrolls of immolation {unknown}
 p - 2 scrolls of torment {unknown}
 y - a scroll of enchant armour {unknown}
 C - a scroll of fear
 E - 2 scrolls of enchant weapon {unknown}
 F - a scroll of blinking {unknown}
 H - a scroll of vulnerability
 Q - 2 scrolls of amnesia {unknown}
 R - 4 scrolls of identify {@r1}
 T - 8 scrolls of teleportation {!r, @r2}
 U - a scroll of brand weapon {unknown}
Potions
 N - a potion of haste {@q3,}
 S - a potion of magic
 Y - 3 potions of lignification


   Skills:
 + Level 9.3 Fighting
 - Level 6.0 Maces & Flails
 + Level 7.9 Armour
 + Level 8.2 Dodging
 - Level 4.5 Stealth
 - Level 4.0 Shields
 - Level 2.6 Unarmed Combat


You had 10 spell levels left.
You didn't know any spells.
Your spell library was empty.

Dungeon Overview and Level Annotations

Branches:
Dungeon (9/15)             Temple (1/1) D:5          Bailey (1/1)
   Lair: D:8-11         Orc: D:9-12

Altars:
Ashenzari
Cheibriados
Dithmenos
Elyvilon
Fedhas
Gozag
Hepliaklqana
Kikubaaqudgha
Makhleb
Nemelex Xobeh
Okawaru
Qazlal
Ru
Sif Muna
Trog
Uskayaw
Vehumet
Wu Jian
Xom
Yredelemnul
Zin
The Shining One

Shops:
D:7 ?

Annotations:
D:6 1 runed translucent door, Crazy Yiuf


Innate Abilities, Weirdness & Mutations

You have hoof-like feet.
You have a pair of horns on your head.
Your demonic aura sometimes causes spilled blood to erupt in flames.
You are mostly covered in sharp spines.
You have very sharp fingernails.


Message History

You hear a shout!
You take 5 damage, and have 84/89 hp.
Fire: 54 bolts
Press: ? - help, Q - select action, (/) - cycle Shift-Dir - straight line, f - orc
Aim: an orc, wielding a +0 arbalest, wearing a +0 scale mail and quivering bolts (66% to hit)
You shoot a bolt.
The bolt hits the orc but does no damage.
The orc shoots a bolt.
The bolt barely misses you.
The orc shoots a bolt.
The bolt hits you!
You hear a shout! x2
You take 9 damage, and have 75/89 hp.
Fire: 53 bolts
Press: ? - help, Q - select action, (/) - cycle Shift-Dir - straight line, f/p - orc
Aim: an orc, wielding a +0 arbalest, wearing a +0 scale mail and quivering bolts (66% to hit)
You shoot a bolt.
The bolt hits the orc but does no damage.
The orc shoots a bolt.
The bolt hits you but does no damage.
Fire: 52 bolts
Press: ? - help, Q - select action, (/) - cycle Shift-Dir - straight line, f/p - orc
Aim: an orc, wielding a +0 arbalest, wearing a +0 scale mail and quivering bolts (66% to hit)
You shoot a bolt. The bolt hits the orc!!
You kill the orc!
Trog accepts your kill.
You can now call in reinforcements.
An orc comes into view. It is wielding a +0 arbalest.
The orc moves out of view.
An orc warrior comes into view. It is wielding a +0 arbalest.
Fire: 51 bolts
Press: ? - help, Q - select action, (/) - cycle Shift-Dir - straight line, f - orc warrior
Aim: an orc warrior, wielding a +0 arbalest, wearing a +0 ring mail and quivering bolts (wandering, hasn't noticed you, 56% to hit)
You shoot a bolt. The bolt barely misses the orc warrior.
The orc warrior shouts!
The orc warrior shoots a bolt.
The bolt hits you!
You take 11 damage, and have 65/89 hp.
Fire: 50 bolts
Press: ? - help, Q - select action, (/) - cycle Shift-Dir - straight line, f/p - orc warrior
Aim: an orc warrior, wielding a +0 arbalest, wearing a +0 ring mail and quivering bolts (56% to hit)
You shoot a bolt. The bolt hits the orc warrior!
The orc warrior is heavily wounded.
The orc warrior shoots a bolt.
The bolt hits you.
The orc warrior shoots a bolt.
The bolt hits you!
You take 15 damage, and have 50/89 hp.
Fire: 49 bolts
Press: ? - help, Q - select action, (/) - cycle Shift-Dir - straight line, f/p - orc warrior
Aim: an orc warrior, wielding a +0 arbalest, wearing a +0 ring mail and quivering bolts (heavily wounded, 56% to hit)
You shoot a bolt. The bolt hits the orc warrior!
The orc warrior is almost dead.
The orc warrior shoots a bolt.
The bolt hits you!
* * * LOW HITPOINT WARNING * * *
You take 15 damage, and have 35/89 hp.
Fire: 48 bolts
Press: ? - help, Q - select action, (/) - cycle Shift-Dir - straight line, f/p - orc warrior
Aim: an orc warrior, wielding a +0 arbalest, wearing a +0 ring mail and quivering bolts (almost dead, 56% to hit)
You shoot a bolt. The bolt hits the orc warrior!
You kill the orc warrior!
Trog accepts your kill.
An orc warrior comes into view. It is wielding a +0 arbalest.
The orc warrior moves out of view.
Fire: 47 bolts
Press: ? - help, Q - select action, (/) - cycle Shift-Dir - straight line, f - orc
Aim: an orc, wielding a +0 arbalest, wearing a +0 scale mail and quivering bolts (66% to hit)
You shoot a bolt. The bolt hits the orc!
You kill the orc!
Trog accepts your kill.
Fire: 46 bolts
Press: ? - help, Q - select action, (/) - cycle Shift-Dir - straight line, f - orc warrior
Aim: an orc warrior, wielding a +0 arbalest, wearing a +0 ring mail and quivering bolts (56% to hit)
You shoot a bolt.
The bolt closely misses the orc warrior.
The orc warrior shoots a bolt.
The bolt closely misses you.
The orc warrior shoots a bolt.
The bolt hits you!!
* * * LOW HITPOINT WARNING * * *
You take 24 damage, and have 13/89 hp.
MASSIVE DAMAGE!!
Okay, then.
As you read the scroll of fog, it crumbles to dust.
The scroll dissolves into smoke.
The orc warrior shoots a bolt.
The bolt barely misses you.
Your skin crawls.
You feel strong-willed.
You can no longer call in reinforcements.
You regained 2 hp, and now have 19/89 hp.
Fire: 45 bolts
Press: ? - help, Q - select action, (/) - cycle Shift-Dir - straight line, f/p - orc warrior
Aim: an orc warrior, wielding a +0 arbalest, wearing a +0 ring mail and quivering bolts (black smoke, 56% to hit)
You shoot a bolt. The bolt hits the orc warrior!
The orc warrior is heavily wounded.
You hear a shout!
The orc warrior shoots a bolt.
The bolt hits you!!
* * * LOW HITPOINT WARNING * * *
You take 17 damage, and have 2/89 hp.
The orc warrior unwields a +0 arbalest.
The orc warrior misses you.
Z - a +4 vorpal flail (weapon)
A red film seems to cover your vision as you go berserk!
You feel yourself moving faster!
You feel mighty! The orc warrior barely misses you.
You now have 7/133 hp.
You bludgeon the orc warrior!!
You kill the orc warrior!
Trog accepts your kill.
The orc warrior shoots a bolt.
The bolt hits you!
You die...

....o........█
█.....o.......█
█.............█
█.............█
██.........§§§.█
█..........§§§§█
██..........§o§§█
██...........§§§§█
██....≈≈≈≈≈...§§@§█
.....≈.█.█≈≈..§§§§█
.....≈█∩.██≈..§.§§█
.....≈).^..≈..§..§█
.)...≈██.██≈......█
.....≈≈█.█≈≈......█
......≈≈≈≈≈.......█
..................█
..................█


You could see an orc warrior.

Vanquished Creatures
  A tengu warrior (D:9)
  Maurice (D:9)
  Psyche (D:9)
  2 trolls (D:9)
  A slime creature (D:8)
  A wyvern (D:9)
  Sigmund (D:5)
  Eustachio (D:4)
  3 steam dragons
  2 water moccasins
  Edmund (D:6)
  4 sky beasts
  6 orc warriors
  An ice beast (D:7)
  2 black bears
  7 necrophages
  4 ogres
  2 kobold brigands
  3 bullfrogs
  4 scorpions
  A water moccasin zombie (D:6)
  21 wights
  4 killer bees (D:9)
  2 electric eels (D:8)
  5 centaur zombies
  A bullfrog zombie (D:5)
  3 hounds
  4 jellies
  An orc priest (D:7)
  2 bullfrog skeletons (D:6)
  A gnoll shaman (D:6)
  3 iguanas
  2 orc wizards
  Natasha (D:3)
  Terence (D:2)
  A killer bee zombie (D:8)
  2 mummies (D:8)
  2 howler monkey zombies
  12 gnolls
  8 adders
  4 white imps
  An ufetubus (D:6)
  2 worms
  A dart slug (D:5)
  39 orcs
  7 endoplasms
  8 giant cockroaches
  10 goblins
  5 hobgoblins
  A quokka (D:2)
  8 ball pythons
  6 bats
  5 frilled lizards
  18 kobolds
  9 rats
249 creatures vanquished.

Vanquished Creatures (collateral kills)
  A tengu warrior (D:9)
  A centaur (D:9)
2 creatures vanquished.

Vanquished Creatures (others)
  A killer bee (D:9)
  A withered plant (D:8)
2 creatures vanquished.

Grand Total: 253 creatures vanquished

Notes
Turn   | Place    | Note
-------+----------+-------------------------------------------
     0 | D:5      | Goblin1989 the Demonspawn Delver began the quest for the
                  | Orb.
     0 | D:5      | Reached XP level 1. HP: 18/18 MP: 1/1
     7 | Temple   | Entered the Ecumenical Temple
   322 | Temple   | Became a worshipper of Trog the Wrathful
   364 | D:5      | Noticed a scorpion
   369 | D:5      | Noticed an ogre
   372 | D:5      | Noticed a black bear
   374 | D:5      | Noticed a scorpion
   379 | D:5      | Noticed a sky beast
   746 | D:2      | Discovered your monstrous ancestry.
   746 | D:2      | Gained mutation: You have a pair of small horns on your
                  | head. [demonic ancestry]
   746 | D:2      | Reached XP level 2. HP: 9/24 MP: 2/2
  1227 | D:2      | Gained mutation: You have large cloven feet. [demonic
                  | ancestry]
  1227 | D:2      | Reached XP level 3. HP: 18/29 MP: 3/3
  1431 | D:1      | Reached * piety under Trog
  1596 | D:1      | Found a faded altar of an unknown god.
  1907 | D:1      | Reached XP level 4. HP: 26/35 MP: 4/4
  2878 | D:2      | Noticed Terence
  2888 | D:2      | Killed Terence
  3339 | D:3      | Gained mutation: You are partially covered in sharp spines.
                  | [demonic ancestry]
  3339 | D:3      | Reached XP level 5. HP: 32/41 MP: 5/5
  3537 | D:3      | Reached skill level 1 in Armour
  3663 | D:3      | Reached ** piety under Trog
  3782 | D:3      | Noticed Natasha
  3786 | D:3      | Killed Natasha
  3967 | D:3      | Reached XP level 6. HP: 45/47 MP: 6/6
  4055 | D:4      | Found a snail-covered altar of Cheibriados.
  4417 | D:4      | Noticed Eustachio
  4485 | D:4      | Reached skill level 5 in Maces & Flails
  4843 | D:4      | Killed Eustachio
  4844 | D:4      | Reached skill level 4 in Fighting
  4844 | D:4      | Reached XP level 7. HP: 40/54 MP: 7/7
  5571 | D:4      | Reached skill level 1 in Shields
  6019 | D:4      | Gained mutation: You are mostly covered in sharp spines.
                  | [demonic ancestry]
  6019 | D:4      | Reached XP level 8. HP: 38/61 MP: 8/8
  6476 | D:5      | Noticed Sigmund
  6485 | D:5      | Killed Sigmund
  6486 | D:5      | Reached skill level 5 in Fighting
  6742 | D:6      | Noticed Edmund
  6751 | D:6      | Killed Edmund
  6752 | D:6      | Reached skill level 1 in Unarmed Combat
  6800 | D:6      | Reached *** piety under Trog
  6977 | D:6      | Gained mutation: Your demonic aura sometimes causes spilled
                  | blood to erupt in flames. [demonic ancestry]
  6977 | D:6      | Reached XP level 9. HP: 41/69 MP: 9/9
  7101 | D:6      | Reached skill level 5 in Dodging
  7233 | D:6      | Reached skill level 6 in Fighting
  7377 | D:6      | Found a runed translucent door.
  7378 | D:6      | Noticed Crazy Yiuf
  7861 | D:7      | Found Nuisave's Magic Scroll Emporium.
  7865 | D:7      | Reached skill level 5 in Armour
  7869 | D:7      | Bought a scroll of teleportation for 36 gold pieces
  7869 | D:7      | Bought a scroll of vulnerability for 90 gold pieces
  7869 | D:7      | Bought a scroll of teleportation for 36 gold pieces
  7869 | D:7      | Bought a scroll of identify for 24 gold pieces
  7869 | D:7      | Bought a scroll of fog for 24 gold pieces
  8654 | D:7      | Reached skill level 7 in Fighting
  9553 | D:8      | Gained mutation: You have a pair of horns on your head.
                  | [demonic ancestry]
  9553 | D:8      | Reached XP level 10. HP: 79/79 MP: 10/10
 10051 | D:8      | Reached **** piety under Trog
 10704 | D:8      | Reached skill level 8 in Fighting
 11430 | D:9      | Noticed Maurice
 11446 | D:9      | Killed Maurice
 11486 | D:9      | Found a flagged portal.
 11488 | D:9      | Noticed Psyche
 11508 | D:9      | Gained mutation: You have sharp fingernails. [potion of
                  | mutation]
 11508 | D:9      | Gained mutation: You have very sharp fingernails. [potion
                  | of mutation]
 11511 | D:9      | HP: 2/123 [centaur/arrow (7)]
 11523 | D:9      | Killed Psyche
 11554 | D:9      | Noticed a tengu warrior
 11554 | D:9      | Noticed a tengu warrior
 11572 | D:9      | Killed a tengu warrior
 11573 | D:9      | Reached skill level 9 in Fighting
 11578 | D:9      | Killed a tengu warrior
 11579 | D:9      | Gained mutation: You have hoof-like feet. [demonic
                  | ancestry]
 11579 | D:9      | Reached XP level 11. HP: 74/89 MP: 11/11
 11617 | Bailey   | Entered a bailey
 12136 | Bailey   | HP: 2/89 [orc warrior/bolt (19)]
 12140 | Bailey   | Shot with a bolt by an orc warrior

Illustrated notes

Levels and vault maps discovered:
D:1:      dpeg_arrival_signposts, layout_basic,
          chequers_ecumenical_altar_simple_redux
D:2:      layout_loops_ring, uniq_terence
D:3:      layout_loops_ring, cheibrodos_gnoll_hut, uniq_natasha
D:4:      layout_gridville, lemuel_tele_altar, uniq_eustachio
D:5:      layout_cave_pools, minmay_temple_entry_crystal_x,
          serial_park_tiny_pond, hex_large, uniq_sigmund
D:6:      layout_rooms, minmay_bent, uniq_crazy_yiuf_cottage, uniq_edmund
D:7:      layout_cave_pods, serial_shops, nicolae_shop_advertising_works
          [nicolae_subvault_shop_adworks]
D:8:      layout_basic, serial_undead, serial_undead_d, serial_undead_e,
          serial_undead_f, serial_undead_f, serial_undead_c, serial_undead_a,
          serial_undead_b, serial_undead_f, st_stairs_9
D:9:      layout_small_grid, enter_bailey_5, uniq_maurice, uniq_psyche
Temple:   mainiacjoe_temple_circle_huts
Bailey:   bailey_polearm_2, bailey

Skill      XL: |  1  2  3  4  5  6  7  8  9 10 |
---------------+-------------------------------+-----
Maces & Flails | 2 3 4 5 6 |  6.0
Dodging        | 2 3 4 6 8 |  8.2
Armour         | 1 2 3 4 6 7 |  7.9
Fighting       | 4 5 7 9 |  9.3
Shields        | 2 3 4 |  4.0
Unarmed Combat | 2 |  2.6
Stealth        | |  4.5

Action                   |  1- 3 |  4- 6 |  7- 9 | 10-12 || total
-------------------------+-------+-------+-------+-------++-------
Melee: Mace              |    28 |       |       |       ||    28
       Headbutt          |    10 |    22 |    47 |    22 ||   101
       Whip              |    52 |    73 |       |       ||   125
       Kick              |    17 |    30 |    43 |    25 ||   115
       Flail             |       |    68 |   195 |   127 ||   390
 Fire: Arbalest          |       |       |       |    16 ||    16
Invok: Berserk           |     1 |     2 |     3 |     3 ||     9
       Trog's Hand       |       |       |     2 |     5 ||     7
       Brothers in Arms  |       |       |       |     2 ||     2
Evoke: Wand              |       |     1 |     3 |    21 ||    25
  Use: Scroll            |     1 |       |     2 |     2 ||     5
       Potion            |     1 |       |       |    10 ||    11
 Stab: Sleeping          |     5 |     7 |     2 |       ||    14
       Distracted        |     1 |       |       |       ||     1
Armor: Leather armour    |    16 |     9 |       |       ||    25
       Scale mail        |       |    83 |    74 |     2 ||   159
       Plate armour      |       |       |       |    85 ||    85
       Skin              |       |       |       |    34 ||    34
Dodge: Dodged            |    48 |    74 |    88 |    54 ||   264
Block: Buckler           |       |     6 |    39 |    57 ||   102

Table legend: (Time is in decaauts)
 A = Elapsed time spent in this place.
 B = Non-inter-level travel time spent in this place.
 C = Inter-level travel time spent in this place.
 D = Time resting spent in this place.
 E = Time spent auto-exploring this place.
 F = Levels seen in this place.
 G = Mean time per level.
                   A        B        C        D        E       F      G
               +--------+--------+--------+--------+--------+-----+--------+
         Total |  12264 |  11704 |    560 |   2914 |   6598 |  11 | 1114.9 |
       Dungeon |  11392 |  10850 |    542 |   2617 |   6337 |   9 | 1265.8 |
        Temple |    334 |    316 |     18 |      0 |    261 |   1 |  334.0 |
        Bailey |    536 |    536 |      0 |    296 |      0 |   1 |  536.0 |
               +--------+--------+--------+--------+--------+-----+--------+

Top non-repeatable levels by time:
     D:4: 1916 daAuts
     D:8: 1824 daAuts
     D:7: 1629 daAuts
     D:2: 1378 daAuts
     D:3: 1283 daAuts
     D:6: 1229 daAuts
     D:1: 1208 daAuts
     D:5: 687 daAuts
  Bailey: 536 daAuts
  Temple: 334 daAuts
     D:9: 235 daAuts
